 Dungeon Crawl Stone Soup version 0.24-a0-813-g0f74319 (webtiles) character file.

Game seed: 4038596857811248449, levelgen mode: deterministic

149268 KarmaPolice the Fighter (level 17, -1/97 HPs)
             Began as a Vine Stalker Assassin on Oct 12, 2019.
             Was the Champion of Wu Jian.
             Succumbed to a merfolk impaler's poison
             ... on level 3 of the Shoals.
             The game lasted 04:22:25 (31732 turns).

KarmaPolice the Fighter (Vine Stalker Assassin)    Turns: 31732, Time: 04:22:28

Health: -1/97      AC: 22    Str: 26    XL:     17   Next: 51%
Magic:  7/26       EV: 21    Int:  6    God:    Wu Jian [******]
Gold:   1328       SH:  0    Dex: 17    Spells: 16/16 levels left

rFire    . . .     SeeInvis .   S - +4 great sword (slice)
rCold    . . .     Gourm    .   (shield currently unavailable)
rNeg     . . .     Faith    .   Z - +4 ring mail of Kiput {rElec MR+ Str+6 Int-5}
rPois    .         Spirit   +   x - +1 helmet
rElec    +         Reflect  .   c - +0 cloak
rCorr    .         Harm     .   z - +3 pair of gauntlets of War {Slay+5}
MR       ++++.                  q - +2 pair of boots
Stlth    +++++.....             A - amulet of the acrobat
HPRegen  1.06/turn              y - +5 ring of evasion
MPRegen  0.20/turn              j - ring of protection from magic

@: lethally poisoned (-1 -> -5), very slightly contaminated
A: fangs 3, regeneration 2, magic shield, antimagic bite, no potion heal 3, rot
immunity
a: Wall Jump, Serpent's Lash, Heavenly Storm, Renounce Religion


You were on level 3 of the Shoals.
You worshipped Wu Jian.
Wu Jian was exalted by your worship.
You were hungry.

You visited 5 branches of the dungeon, and saw 28 of its levels.
You also visited: Ice Cave.

You collected 2802 gold pieces.
You spent 1474 gold pieces at shops.

Inventory:

Hand Weapons
 s - a +1 dagger of draining
 N - a +0 long sword of holy wrath
 S - a +4 great sword of slicing (weapon)
Missiles
 d - 4 throwing nets
 k - 8 curare-tipped darts
 C - 8 atropa-tipped darts
 G - 61 boomerangs (quivered)
 R - 11 silver javelins
 U - 35 javelins
 V - 8 poisoned darts
Armour
 c - a +0 cloak (worn)
 q - a +2 pair of boots (worn)
 x - a +1 helmet (worn)
 z - the +3 pair of gauntlets of War (worn) {Slay+5}
   (You found it on level 12 of the Dungeon)

   It affects your accuracy and damage with ranged weapons and melee attacks
   (+5).
 Z - the +4 ring mail of Kiput (worn) {rElec MR+ Str+6 Int-5}
   (You found it on level 3 of the Shoals)

   It affects your strength (+6).
   It affects your intelligence (-5).
   It insulates you from electricity.
   It affects your resistance to hostile enchantments.
Jewellery
 i - an uncursed ring of resist corrosion
 j - a ring of protection from magic (right hand)
 y - a +5 ring of evasion (left hand)
 A - an amulet of the acrobat (around neck)
 P - an uncursed ring of protection from cold
Wands
 e - a wand of digging (8)
 l - a wand of disintegration (10)
 H - a wand of iceblast (23)
 I - a wand of clouds (5)
 O - a wand of enslavement (11)
 X - a wand of acid (8)
 Y - a wand of paralysis (9)
Scrolls
 a - 5 scrolls of fog
 g - 4 scrolls of enchant armour
 o - 4 scrolls of immolation
 t - 15 scrolls of teleportation
 u - 6 scrolls of fear
 v - 4 scrolls of enchant weapon
 B - 7 scrolls of remove curse
 E - a scroll of summoning
 F - 3 scrolls of blinking
 K - a scroll of holy word
 L - 3 scrolls of identify
 Q - 2 scrolls of amnesia
Potions
 b - 5 potions of might
 h - 2 potions of magic
 m - 4 potions of haste
 n - 3 potions of flight
 p - 5 potions of agility
 r - 3 potions of lignification {unknown}
 D - 3 potions of brilliance {unknown}
 J - a potion of berserk rage {unknown}
 M - 3 potions of mutation
 T - 3 potions of resistance {unknown}
 W - a potion of invisibility {unknown}
Comestibles
 f - 38 rations


   Skills:
 + Level 14.0 Fighting
 - Level 3.7(8.4) Short Blades
 + Level 11.5(11.7) Long Blades
   Level 9.2(11.1) Slings
 - Level 10.2(11.6) Throwing
 + Level 9.8 Armour
 + Level 7.5 Dodging
 - Level 12.0 Stealth
 - Level 11.0 Evocations


You had 16 spell levels left.
You didn't know any spells.
Your spell library contained the following spells:

 Spells                   Type           Power        Failure   Level  Hunger
 Magic Dart               Conj           #...         56%         1    ##.....
 Blink                    Tloc           N/A          71%         2    ###....
 Call Imp                 Summ           #.......     71%         2    ###....
 Slow                     Hex            #.......     71%         2    ###....
 Conjure Flame            Conj/Fire      #.......     90%         3    ####...
 Mephitic Cloud           Conj/Pois/Air  #.......     90%         3    ####...


Dungeon Overview and Level Annotations

Branches:
Dungeon (15/15)            Temple (1/1) D:6            Lair (6/6) D:10
 Shoals (4/4) Lair:3        Snake (0/4) Lair:2        Slime (0/5) Lair:5
    Orc (2/2) D:9             Elf (0/3) Orc:2        Vaults (0/5) D:13
 Depths (0/5) D:15          IceCv (visited)

Altars:
Ashenzari
Cheibriados
Dithmenos
Elyvilon
Fedhas
Gozag
Hepliaklqana
Kikubaaqudgha
Makhleb
Nemelex Xobeh
Okawaru
Qazlal
Ru
Sif Muna
Trog
Uskayaw
Vehumet
Wu Jian
Xom
Yredelemnul
Zin
The Shining One

Shops:
D:10 }   D:11 }   D:12 %   D:14 *   Orc:1 [   Orc:2 **:[

Portals:
Pandemonium: Orc:2

Annotations:
D:4 3 runed translucent doors, Spectrina's ghost, weakling FoBe
D:8 exclusion: wight
Shoals:4 Ilsuiw


Innate Abilities, Weirdness & Mutations

You have razor-sharp teeth.
You heal very quickly.
When hurt, damage is shared between your health and your magic reserves.
Your bite disrupts and absorbs the magic of your enemies.
Potions cannot restore your health.
You are immune to rotting.


Message History

* * * LOW HITPOINT WARNING * * *
You feel strangely stable.
Your magical effects are unravelling.
You feel magically purged.
You feel yourself slow down.
* * * LOW HITPOINT WARNING * * *
You feel sick.
Blink to where?
Press: ? - help, Dir - move target cursor You are very lightly contaminated with residual magic.
As you read the scroll of blinking, it crumbles to dust.
* * * LOW HITPOINT WARNING * * *
You feel sick.
* * * LOW HITPOINT WARNING * * *
You feel sick.
The merfolk hits the plant with a +0 trident!
The sea snake bites the plant!!
A mysterious force pulls you upwards. The hatch slams shut behind you.
You feel less exhausted.
You die...

≈≈≈≈.....≈≈≈≈≈≈≈≈..## #.......≈
≈≈≈≈.###.≈≈≈≈≈≈≈≈.[?# #.≈≈≈≈≈≈≈
≈≈≈..# ##.≈≈≈≈(≈≈≈..# #.≈≈≈≈≈≈≈
≈≈≈≈.###...)...≈≈≈(## #..≈≈≈≈≈≈
≈≈≈≈.....##...≈≈≈≈.# #..≈≈≈≈.≈
≈≈≈≈≈≈..####..≈(≈((## #...≈....
≈≈≈≈≈≈..# #......<(# ##.......
≈≈≈≈≈..## ##....(((#####....####
≈≈≈≈≈..## ##..@(((()..(....####
≈≈≈.....## #..(.(..≈≈.....###..
≈≈≈......#####.(..((.≈[..##..≈≈..
≈≈≈≈..≈......>.(.....(...###≈≈≈≈≈
≈≈≈≈≈≈≈..≈....≈≈.....((..###≈≈≈≈≈
≈≈≈≈≈≈≈...≈≈≈≈≈≈...##)).......≈≈≈
≈≈≈≈≈..≈..≈≈≈≈.>..##...≈≈≈....≈≈≈
≈≈≈≈≈.≈≈≈.≈≈≈≈..≈≈≈≈≈.........≈≈≈
≈≈≈≈≈≈≈≈...≈≈≈..≈≈≈≈≈......≈)....


There were no monsters in sight!

Vanquished Creatures
  Rupert (Lair:4)
  6 krakens
  A frost giant (IceCv)
  Louise (Shoals:1)
  3 merfolk javelineers
  Josephine (Lair:4)
  5 merfolk impalers
  Fannar (Lair:2)
  8 vault guards
  7 hydras
  A rakshasa (D:15)
  2 merfolk avatars
  4 two-headed ogres
  An alligator snapping turtle (Shoals:1)
  4 centaur warriors
  A satyr (Shoals:3)
  4 orc high priests (Orc:2)
  A merfolk aquamancer (Shoals:4)
  2 tengu warriors
  Urug (D:10)
  Sonja (Lair:2)
  9 skeletal warriors
  7 sea snakes
  5 unseen horrors
  An infernal demonspawn (Orc:2)
  A torturous demonspawn (Orc:2)
  5 orc knights
  A wolf spider zombie (D:13)
  8 ugly things
  6 cyclopes
  8 manticores
  7 orc sorcerers (Orc:2)
  14 fauns
  4 merfolk sirens
  2 ice statues (IceCv)
  A centaur zombie (D:12)
  3 black mambas
  A water nymph (shapeshifter) (D:15)
  5 elephants (Lair:6)
  An orange demon (Orc:2)
  A water nymph (Shoals:4)
  23 spiny frogs
  6 kobold demonologists
  A komodo dragon (shapeshifter) (D:15)
  A yaktaur (Shoals:2)
  3 rime drakes
  12 komodo dragons
  2 ice devils (D:15)
  A hellwing (Orc:2)
  22 merfolk
  3 tyrant leeches
  15 polar bears
  A meliai (shapeshifter) (D:15)
  A tengu conjurer (D:13)
  3 trolls
  4 wind drakes
  14 slime creatures
  Prince Ribbit (D:7)
  2 hornets
  A snapping turtle (Shoals:3)
  12 hippogriffs
  31 blink frogs
  14 dream sheep
  2 shadows (D:14)
  Sigmund (D:5)
  4 water elementals
  5 wyverns
  3 basilisks
  6 wraiths
  35 yaks
  3 hungry ghosts
  A fire elemental (Lair:1)
  7 vampire mosquitoes
  4 nagas (Lair:2)
  2 soldier ants
  2 swamp worms (Lair:5)
  5 wargs
  6 water moccasins
  5 porcupines
  2 swamp drakes (Lair:5)
  27 orc warriors
  2 black bears (D:8)
  5 sky beasts
  6 necrophages
  2 ice beasts
  2 eyes of draining
  A black bear (shapeshifter) (D:15)
  20 wolves
  3 boggarts (D:15)
  18 ogres
  15 centaurs
  9 crocodiles
  23 big kobolds
  36 bullfrogs
  2 gnoll sergeants
  A wyvern zombie (D:14)
  2 scorpions
  5 killer bees
  2 howler monkeys
  8 wights
  3 electric eels
  A bullfrog zombie (D:6)
  3 crimson imps
  8 hounds
  9 jellies
  23 orc priests
  18 orc wizards
  2 bullfrog skeletons (D:4)
  3 centaur skeletons
  2 iguanas
  3 worker ants
  A killer bee zombie (D:7)
  Robin (D:2)
  3 worker ant zombies
  6 gnolls
  An adder (shapeshifter) (D:15)
  9 adders
  5 shadow imps
  12 oozes
  An adder zombie (D:5)
  4 worms
  2 dart slugs
  10 leopard geckos
  72 orcs
  8 giant cockroaches
  12 hobgoblins
  11 jackals
  23 kobolds
  5 quokkas
  4 ball pythons
  8 bats
  6 frilled lizards
  18 goblins
  A jackal skeleton (D:5)
  A leopard gecko skeleton (D:6)
  A leopard gecko zombie (D:8)
  3 quokka skeletons
  4 rats
  A bush (Shoals:2)
  13 tentacles
922 creatures vanquished.

Vanquished Creatures (others)
  2 yaks (Lair:5)
  A wolf (IceCv)
  9 fungi
  47 plants
  130 tentacles
189 creatures vanquished.

Grand Total: 1111 creatures vanquished

Notes
Turn   | Place    | Note
-------+----------+-------------------------------------------
     0 | D:1      | KarmaPolice the Vine Stalker Assassin began the quest for
                  | the Orb.
     0 | D:1      | Reached XP level 1. HP: 11/11 MP: 2/2
   123 | D:1      | Reached skill level 5 in Stealth
   123 | D:1      | Reached XP level 2. HP: 13/15 MP: 1/3
   184 | D:1      | Reached skill level 2 in Fighting
   469 | D:1      | Reached XP level 3. HP: 18/18 MP: 2/4
  1303 | D:2      | Found a basalt altar of Yredelemnul.
  1326 | D:2      | Gained mutation: Your natural rate of healing is unusually
                  | fast. [Vine Stalker growth]
  1326 | D:2      | Reached XP level 4. HP: 23/23 MP: 5/5
  1604 | D:2      | Found a shimmering altar of Xom.
  1730 | D:2      | Found a shattered altar of Ashenzari.
  1972 | D:3      | Reached XP level 5. HP: 19/27 MP: 6/6
  2111 | D:3      | Noticed Robin
  2161 | D:2      | Killed Robin
  2472 | D:3      | You fall into a shaft and drop 1 floor!
  2503 | D:4      | Reached skill level 3 in Fighting
  2685 | D:4      | Reached XP level 6. HP: 24/32 MP: 5/7
  2706 | D:4      | Found a runed translucent gate.
  2707 | D:4      | Found a runed translucent gate.
  2707 | D:4      | Found a runed translucent gate.
  2707 | D:4      | Noticed Spectrina's ghost (weakling FoBe)
  2942 | D:4      | Found an ancient bone altar of Kikubaaqudgha.
  3263 | D:4      | Found a hide-covered altar of Uskayaw.
  3274 | D:4      | Found a shadowy altar of Dithmenos.
  3458 | D:4      | Reached XP level 7. HP: 27/36 MP: 5/8
  3828 | D:5      | Entered Level 5 of the Dungeon
  4042 | D:5      | Noticed Sigmund
  4156 | D:5      | Reached skill level 4 in Fighting
  4156 | D:5      | Reached skill level 1 in Long Blades
  4328 | D:5      | Killed Sigmund
  4328 | D:5      | Gained mutation: You have razor-sharp teeth. [Vine Stalker
                  | growth]
  4328 | D:5      | Reached XP level 8. HP: 39/42 MP: 7/9
  5376 | D:6      | Reached skill level 1 in Evocations
  5402 | D:6      | Found a staircase to the Ecumenical Temple.
  5460 | Temple   | Entered the Ecumenical Temple
  5591 | Temple   | Became a worshipper of the Wu Jian Council
  5925 | D:6      | Found a hazy altar of Hepliaklqana.
  5965 | D:7      | Found a snail-covered altar of Cheibriados.
  6037 | D:7      | Reached skill level 5 in Fighting
  6037 | D:7      | Reached skill level 5 in Throwing
  6564 | D:7      | Noticed Prince Ribbit
  6584 | D:7      | Killed Prince Ribbit
  6584 | D:7      | Reached XP level 9. HP: 45/47 MP: 9/12
  6810 | D:7      | Found an opulent altar of Gozag.
  7098 | D:8      | Found a bloodstained altar of Trog.
  7104 | D:8      | Reached * piety under Wu Jian
  7220 | D:8      | Found Zin's Purification Station.
  7256 | D:8      | Reached skill level 6 in Fighting
  7284 | D:8      | Found a glowing silver altar of Zin.
  7305 | D:8      | Bought a potion of curing for 90 gold pieces
  8239 | D:9      | Reached skill level 10 in Stealth
  8242 | D:9      | Found a staircase to the Orcish Mines.
  8387 | D:10     | Entered Level 10 of the Dungeon
  8387 | D:10     | Noticed Urug
  8435 | D:8      | Noticed a two-headed ogre
  8478 | D:9      | Found a sacrificial altar of Ru.
  8508 | D:9      | Reached XP level 10. HP: 42/53 MP: 9/14
  8676 | D:9      | Found a glowing golden altar of the Shining One.
  8909 | D:9      | Noticed a kobold demonologist
  8930 | D:9      | Noticed a soul eater
  8950 | D:9      | Killed a kobold demonologist
  9086 | D:8      | Reached skill level 5 in Evocations
  9131 | D:8      | Reached skill level 7 in Fighting
  9266 | D:8      | Reached ** piety under Wu Jian
  9955 | D:10     | Found an ornate altar of the Wu Jian Council.
 10176 | D:8      | Killed a two-headed ogre
 10176 | D:8      | Reached skill level 5 in Long Blades
 10176 | D:8      | Reached XP level 11. HP: 59/59 MP: 16/16
 10319 | D:10     | Killed Urug
 10355 | D:10     | Found a staircase to the Lair.
 10378 | D:10     | Reached *** piety under Wu Jian
 10520 | D:10     | Found Measicri's Gadget Shoppe.
 10640 | D:10     | Reached skill level 8 in Fighting
 11175 | D:11     | Found Xiyzxoma's Gadget Shop.
 11363 | D:11     | Found a hide-covered altar of Uskayaw.
 11699 | D:11     | Bought a wand of acid (5) for 198 gold pieces
 11699 | D:11     | Bought a wand of paralysis (9) for 121 gold pieces
 11766 | Orc:1    | Entered Level 1 of the Orcish Mines
 11997 | Orc:1    | Noticed a cyclops
 12078 | Orc:1    | Killed a cyclops
 12155 | Orc:1    | Reached **** piety under Wu Jian
 12584 | Orc:2    | Entered Level 2 of the Orcish Mines
 12877 | Orc:2    | Noticed a cyclops
 13020 | Orc:2    | Killed a cyclops
 13049 | Orc:2    | Found a staircase to the Elven Halls.
 13558 | Orc:2    | Found Fibliroq's General Store.
 13590 | Orc:2    | Noticed an orc knight
 13615 | Orc:2    | Gained mutation: You heal very quickly. [Vine Stalker
                  | growth]
 13615 | Orc:2    | Reached XP level 12. HP: 54/65 MP: 15/18
 13686 | Orc:2    | Reached skill level 9 in Fighting
 13730 | Orc:2    | Noticed a sun demon
 13773 | Orc:2    | Noticed an orc high priest
 13773 | Orc:2    | Noticed an orc high priest
 13827 | Orc:2    | Noticed a sun demon
 13886 | Orc:2    | Killed an orc high priest
 13888 | Orc:2    | Noticed a sun demon
 14040 | Orc:1    | Found Yfipruot's Armour Emporium.
 14164 | Orc:2    | Killed an orc high priest
 14222 | Orc:2    | Reached ***** piety under Wu Jian
 14517 | Orc:2    | Found Isiagat's General Store.
 14539 | Orc:2    | Bought a scroll of fear for 49 gold pieces
 14539 | Orc:2    | Bought a scroll of identify for 28 gold pieces
 14542 | Orc:2    | Bought a potion of cancellation for 112 gold pieces
 14542 | Orc:2    | Bought 3 scrolls of identify for 84 gold pieces
 14743 | Orc:2    | Noticed an orc high priest
 15007 | Orc:2    | Killed an orc high priest
 15054 | Orc:2    | Found Uxuducsu's Book Shoppe.
 15054 | Orc:2    | Found a one-way gate leading to the halls of Pandemonium.
 15054 | Orc:2    | Found Xesyuf's Antique Armour Emporium.
 15055 | Orc:2    | Noticed a sun demon
 15095 | Orc:2    | Noticed an orc high priest
 15114 | Orc:2    | Noticed a soul eater
 15220 | Orc:2    | Killed an orc high priest
 15239 | Orc:2    | Reached skill level 10 in Fighting
 15626 | D:10     | Bought a wand of paralysis (10) for 144 gold pieces
 15626 | D:10     | Bought a wand of acid (6) for 240 gold pieces
 15638 | Lair:1   | Entered Level 1 of the Lair of Beasts
 15672 | Lair:1   | Found a dark tunnel.
 15689 | Lair:1   | Reached skill level 10 in Throwing
 15835 | Lair:1   | Reached XP level 13. HP: 72/72 MP: 20/20
 16522 | Lair:2   | Noticed Fannar
 16525 | Lair:2   | Killed Fannar
 16525 | Lair:2   | Reached skill level 1 in Armour
 16583 | Lair:2   | Noticed Sonja
 16600 | Lair:2   | Killed Sonja
 16892 | Lair:2   | Found a staircase to the Snake Pit.
 18374 | Lair:3   | Found a staircase to the Shoals.
 18607 | Lair:4   | Noticed Rupert
 18612 | Lair:4   | Killed Rupert
 18706 | Lair:4   | Reached skill level 5 in Armour
 18875 | Lair:4   | Reached XP level 14. HP: 54/77 MP: 20/22
 19334 | Lair:4   | Noticed Josephine
 19338 | Lair:4   | Killed Josephine
 19541 | Lair:4   | Reached skill level 11 in Fighting
 19631 | Lair:5   | Reached skill level 10 in Evocations
 19754 | Lair:5   | Found a staircase to the Slime Pits.
 19785 | Lair:5   | Reached ****** piety under Wu Jian
 20561 | Lair:5   | Got a pitted plate armour
 20576 | Lair:5   | Identified the +2 plate armour "Vyir" {rC+ Dex+5} (You
                  | found it on level 5 of the Lair of Beasts)
 20629 | Lair:6   | Entered Level 6 of the Lair of Beasts
 21868 | Lair:6   | Reached XP level 15. HP: 84/84 MP: 24/24
 22885 | D:11     | Reached skill level 1 in Dodging
 23090 | D:12     | Found the +3 pair of gauntlets of War {Slay+5}
 23164 | D:12     | Reached skill level 12 in Fighting
 23174 | D:12     | Got a slimy ring mail
 23194 | D:11     | Identified the +1 ring mail "Daer Kyph" {rCorr Int+2} (You
                  | found it on level 12 of the Dungeon)
 23687 | D:12     | Got a scorched mace
 23688 | D:12     | Identified the +2 mace of Infinity {crush, rN+ Dex+5} (You
                  | found it on level 12 of the Dungeon)
 23763 | D:12     | Found Arequha's Food Shop.
 24440 | D:13     | Reached skill level 10 in Long Blades
 24465 | D:13     | Found a gate to the Vaults.
 25094 | D:14     | Found Saipp's General Store.
 25202 | D:14     | Bought a potion of agility for 48 gold pieces
 25202 | D:14     | Bought a scroll of teleportation for 36 gold pieces
 25202 | D:14     | Bought a throwing net for 36 gold pieces
 25560 | D:14     | Reached skill level 1 in Slings
 25673 | D:15     | Entered Level 15 of the Dungeon
 25792 | D:15     | Found a frozen archway.
 25811 | IceCv    | Entered an ice cave
 26217 | IceCv    | Reached XP level 16. HP: 90/90 MP: 25/25
 26850 | D:15     | Reached skill level 5 in Dodging
 26885 | D:15     | Reached skill level 5 in Slings
 26948 | D:14     | Reached skill level 13 in Fighting
 27076 | D:15     | Found a hazy altar of Hepliaklqana.
 27737 | D:10     | Bought a wand of digging (8) for 288 gold pieces
 28203 | Shoals:1 | Entered Level 1 of the Shoals
 28490 | Shoals:1 | Noticed Louise
 28518 | Shoals:1 | Killed Louise
 28586 | Shoals:1 | Noticed a kraken
 28619 | Shoals:1 | Killed a kraken
 28762 | Shoals:1 | Noticed a kraken
 28778 | Shoals:1 | Killed a kraken
 29845 | Shoals:2 | Reached XP level 17. HP: 50/95 MP: 11/26
 29882 | Shoals:3 | Noticed a kraken
 29882 | Shoals:3 | Noticed a kraken
 29882 | Shoals:3 | Noticed a kraken
 29882 | Shoals:3 | Noticed a kraken
 29906 | Shoals:3 | Killed a kraken
 30778 | Shoals:3 | Killed a kraken
 30793 | Shoals:3 | Got a twisted ring mail
 30794 | Shoals:3 | Identified the +4 ring mail of Kiput {rElec MR+ Str+6
                  | Int-5} (You found it on level 3 of the Shoals)
 30889 | Shoals:3 | Killed a kraken
 30983 | Shoals:3 | Killed a kraken
 31332 | Shoals:4 | Entered Level 4 of the Shoals
 31684 | Shoals:4 | Noticed Ilsuiw
 31707 | Shoals:4 | Reached skill level 14 in Fighting
 31728 | Shoals:4 | HP: 4/97 [merfolk/+0 trident (3)]
 31731 | Shoals:4 | HP: 1/97 [poisoned by a merfolk impaler]
 31732 | Shoals:3 | Succumbed to a merfolk impaler's poison

Levels and vault maps discovered:
D:1:      dpeg_arrival_lava_temple_mockup, layout_basic, minmay_hexomino_c4
D:2:      layout_basic, old_standard_altar, yredelemnul_altar_generic, tgw_xom,
          kennysheep_boxes
D:3:      minmay_recursive_quarters, layout_rooms, first_ration,
          minmay_misc_feat_cross, uniq_robin
D:4:      layout_basic, kiku_gazebo_garden_becter, minitemple,
          gammafunk_ghost_necromancy
D:5:      minmay_inner_zag, layout_basic, uniq_sigmund
D:6:      layout_basic, lemuel_doored_altar, minmay_temple_entry_statues,
          kennysheep_generic_room_4
D:7:      layout_cave_pods, cheibriados_altar_1, lemuel_coloured_pillars_altar,
          uniq_prince_ribbit1
D:8:      layout_basic, trog_ov_bears_minmay, zin_purify,
          hangedman_little_slice_of_home
D:9:      layout_roguey [special_room_kobold], nicolae_ru_awakened_eye,
          nicolae_tso_carved_into_rock, david_orc_3
D:10:     layout_loops_ring, erik_lair_orcish_takeover, serial_shops, shop,
          basic_altar, uniq_urug
D:11:     layout_irregular_city, serial_shops, shop, david_defended_altar_elf
D:12:     layout_loops_ring, nicolae_shop_scaring_up_business
D:13:     layout_rooms, erik_vaults_2, nrook_mini_backslash
D:14:     layout_loops_ring, serial_shops, shop, chequers_serial_rivers_marsh
D:15:     gammafunk_enter_depths_forms, layout_cave_pools,
          portal_ice_cave_demonic_guard, serial_park, serial_park_square2,
          serial_park_square3 [serial_park_minivault_5x5_6],
          small_statue_alley_a, kennysheep_flooded_box
Temple:   grunt_temple_mini_profane
Lair:1:   layout_gridlike, nicolae_volcano_entry_lava_flow, st_stairs_9,
          nicolae_quartered_pool_super, eino_small_chamber_without_monster
Lair:2:   layout_regular_city, minmay_snake_entry_guardpost_small, uniq_fannar,
          uniq_sonja
Lair:3:   layout_cave_shapes, minmay_shoals_entry_beasts
Lair:4:   layout_gridlike, uniq_josephine, uniq_rupert
Lair:5:   onia_ninara_swampy_vault, layout_cave_shapes,
          nicolae_slime_entry_slimehenge, roderic_carrion_pond
Lair:6:   minmay_lair_end_frog_pond, layout_gridlike
Shoals:1: layout_shoals, uniq_louise
Shoals:2: layout_shoals, nicolae_shoals_seven_spires, yaktaur_hedge
Shoals:3: layout_shoals, nicolae_shoals_kraken_party
Shoals:4: shoals_end_hangedman, layout_shoals, shoals_ilsuiw_alternative
Orc:1:    layout_caves, serial_shops, shop_statue, rock_pile
Orc:2:    pf_orc_diabolical, layout_diamond_mine

Skill      XL: |  1  2  3  4  5  6  7  8  9 10 11 12 13 14 15 16 17 |
---------------+----------------------------------------------------+-----
Stealth        | 5 6 7 9 10 11 12 | 12.0
Fighting       | 2 3 4 5 6 7 8 10 11 12 13 14 | 14.0
Short Blades   | 2 3 |  3.7
Throwing       | 2 3 4 5 6 7 8 10 | 10.2
Long Blades    | 1 2 3 5 6 8 9 10 11 | 11.5
Evocations     | 2 4 6 7 8 9 10 11 | 11.0
Armour         | 5 7 9 |  9.8
Dodging        | 4 6 7 |  7.5
Slings         | 3 8 9 |  9.2

Action                   |  1- 3 |  4- 6 |  7- 9 | 10-12 | 13-15 | 16-18 || total
-------------------------+-------+-------+-------+-------+-------+-------++-------
Melee: Dagger            |    93 |   180 |   171 |   793 |  2292 |   167 ||  3696
       Bite              |    13 |    47 |    43 |   309 |  1038 |   305 ||  1755
       Long sword        |       |       |       |    14 |   143 |       ||   157
       Whip              |       |       |       |     7 |       |       ||     7
       Demon trident     |       |       |       |     1 |    47 |       ||    48
       Great sword       |       |       |       |       |       |   549 ||   549
Throw: Dart              |       |    14 |    71 |   129 |    16 |    69 ||   299
       Stone             |       |     3 |    16 |   107 |   105 |       ||   231
       Boomerang         |       |       |    12 |    15 |    61 |    44 ||   132
       Javelin           |       |       |       |       |       |     6 ||     6
Invok: Lunge             |       |       |     7 |    69 |   153 |    62 ||   291
       Whirlwind         |       |       |     4 |   163 |   988 |   333 ||  1488
       Serpent's Lash    |       |       |       |       |       |     1 ||     1
 Abil: Wall Jump         |       |       |       |     5 |     6 |       ||    11
Evoke: Wand              |       |       |     4 |    21 |    15 |     4 ||    44
  Use: Scroll            |       |     2 |     2 |    13 |    11 |     9 ||    37
       Potion            |       |       |       |       |     3 |     3 ||     6
 Stab: Sleeping          |    13 |     9 |    23 |    25 |    34 |     5 ||   109
       Distracted        |       |     1 |     3 |       |     5 |     1 ||    10
       Confused          |       |       |       |     4 |       |       ||     4
       Paralysed         |       |       |       |     2 |     3 |       ||     5
       Invisible         |       |       |       |       |       |     1 ||     1
  Eat: Chunk             |     1 |     7 |    16 |    25 |    32 |    13 ||    94
       Ration            |       |       |       |       |     2 |     2 ||     4
Armor: Robe              |    22 |    20 |    12 |    24 |       |       ||    78
       Troll leather arm |       |       |       |    26 |   207 |       ||   233
       Scale mail        |       |       |       |       |   269 |   251 ||   520
       Ring mail         |       |       |       |       |       |    32 ||    32
Dodge: Dodged            |    55 |    71 |    88 |   421 |  1463 |   795 ||  2893
       Rpst.: Long sword |       |       |       |     8 |    17 |       ||    25
       Great sword       |       |       |       |       |       |   128 ||   128

Table legend:
 A = Non-vault XP
 B = Vault XP
 C = Vault XP percentage of total XP
 D = Non-vault monster count
 E = Vault monster count
 F = Vault count percentage of total count
                 A         B        C        D         E       F
            +---------+---------+-------+---------+---------+-------
      Total |  127636 |   85605 |  40.1 |     604 |     305 |  33.6
            +---------+---------+-------+---------+---------+-------
        D:1 |      47 |      12 |  20.3 |      28 |       7 |  20.0
        D:2 |      34 |      22 |  39.3 |      14 |       3 |  17.6
        D:3 |      98 |      33 |  25.2 |      19 |      17 |  47.2
        D:4 |     504 |       0 |   0.0 |      32 |       0 |   0.0
        D:5 |     300 |     314 |  51.1 |      11 |       5 |  31.2
        D:6 |     248 |     137 |  35.6 |      12 |       1 |   7.7
        D:7 |    1019 |     277 |  21.4 |      26 |       1 |   3.7
        D:8 |    2202 |    1347 |  38.0 |      22 |      21 |  48.8
        D:9 |    2018 |    1537 |  43.2 |      28 |      18 |  39.1
       D:10 |    1130 |    1431 |  55.9 |      20 |       9 |  31.0
       D:11 |    2286 |       0 |   0.0 |      16 |       0 |   0.0
       D:12 |    5373 |    1196 |  18.2 |      18 |       2 |  10.0
       D:13 |   10149 |    6964 |  40.7 |      51 |       7 |  12.1
       D:14 |    6628 |       0 |   0.0 |      26 |       0 |   0.0
       D:15 |   13995 |    5724 |  29.0 |      30 |      16 |  34.8
     Lair:1 |    1765 |     292 |  14.2 |      10 |       2 |  16.7
     Lair:2 |    5284 |    2465 |  31.8 |      22 |       6 |  21.4
     Lair:3 |    6297 |     800 |  11.3 |      29 |       2 |   6.5
     Lair:4 |    6549 |    4744 |  42.0 |      27 |       6 |  18.2
     Lair:5 |    4630 |    7443 |  61.6 |      17 |      29 |  63.0
     Lair:6 |    8211 |   11203 |  57.7 |      27 |      45 |  62.5
   Shoals:1 |   17457 |    1649 |   8.6 |      27 |       1 |   3.6
   Shoals:2 |   10474 |     371 |   3.4 |      24 |       1 |   4.0
   Shoals:3 |   13149 |    9417 |  41.7 |      27 |       4 |  12.9
   Shoals:4 |    4458 |    3661 |  45.1 |      11 |       5 |  31.2
      Orc:1 |    1469 |     145 |   9.0 |      15 |       4 |  21.1
      Orc:2 |    1862 |   14426 |  88.6 |      15 |      57 |  79.2
      IceCv |       0 |    9995 | 100.0 |       0 |      36 | 100.0
            +---------+---------+-------+---------+---------+-------
